 Dungeon Crawl Stone Soup version 0.18.1-8-gdd0e5ea (webtiles) character file.

7237 lepiPlod666 the Arsonist (level 11, -4/133 HPs)
             Began as a Hill Orc Fire Elementalist on June 5, 2016.
             Was a Priest of Okawaru.
             Slain by a spiny frog (13 damage)
             ... on level 1 of the Lair of Beasts.
             The game lasted 01:31:15 (10385 turns).

lepiPlod666 the Arsonist (HOFE)                    Turns: 10385, Time: 01:31:16

Health: -4/133     AC: 25    Str: 14    XL:     11   Next: 12%
Magic:  3/28       EV:  2    Int: 16    God:    Okawaru [***...]
Gold:   446        SH:  0    Dex: 11    Spells: 5 memorised, 5 levels left

rFire  + + +     SeeInvis .     Z - +7 great mace "Firestarter" {inner flame, rF++}
rCold  . . .     Gourm    +     (armour currently unavailable)
rNeg   + + +     Faith    .     (shield currently unavailable)
rPois  +         Spirit   .     (helmet currently unavailable)
rElec  .         Dismiss  .     (cloak currently unavailable)
rCorr  .         Reflect  .     (gloves currently unavailable)
SustAt .         Harm     .     (boots currently unavailable)
MR     .....     NoTele   +     K - amulet of the gourmand
Stlth  ++........               V - ring of protection from fire (curse)
                                e - ring of magical power

@: lethally poisoned (-4 -> -31), tree-form, very slightly contaminated, not
resistant to hostile enchantments, unstealthy
A: no striking features
a: Heroism, Renounce Religion


You were on level 1 of the Lair of Beasts.
You worshipped Okawaru.
Okawaru was most pleased with you.
You were very full.
You were a tree.
You visited 3 branches of the dungeon, and saw 11 of its levels.

You collected 446 gold pieces.

Inventory:

Hand Weapons
 j - a +2 dagger of venom
 n - a +2 dagger of electrocution
 O - a +0 battleaxe
 Z - the +7 great mace "Firestarter" (weapon) {inner flame, rF++}
   (You found it on level 9 of the Dungeon)

   It has been specially enchanted to burn those struck by it, causing extra
   injury to most foes and up to half again as much damage against particularly
   susceptible opponents.
   It greatly protects you from fire.
Missiles
 f - 4 tomahawks (quivered)
 l - 7 curare-tipped needles
 q - 3 poisoned tomahawks
 X - 12 poisoned needles
Armour
 u - a +1 ring mail (melded)
 D - a cursed +0 shield
 R - a +1 pair of gloves (melded)
Magical Staves
 U - an uncursed staff of fire
Jewellery
 e - a ring of magical power (left branch)
 v - a +2 ring of strength
 G - a +2 ring of strength
 K - an amulet of the gourmand (around neck)
 M - an uncursed ring of positive energy
 V - a cursed ring of protection from fire (right branch)
Wands
 a - a wand of heal wounds (0/9)
 B - a wand of random effects (25/48)
 I - a wand of acid (5/15)
 J - a wand of paralysis (1/24)
 Q - a wand of hasting (4/9)
 T - a wand of enslavement (9/24)
 W - a wand of slowing (28/48)
 Y - a wand of iceblast (8/15)
Scrolls
 d - a scroll of random uselessness {unknown}
 g - 2 scrolls of remove curse
 h - a scroll of blinking
 r - a scroll of recharging {unknown}
 s - 4 scrolls of amnesia
 w - a scroll of enchant armour
 z - a scroll of fog {unknown}
 A - a scroll of magic mapping {unknown}
 E - a scroll of fear {unknown}
 P - 3 scrolls of enchant weapon
Potions
 i - a potion of lignification
 m - a potion of invisibility {unknown}
 o - 7 potions of curing
 t - a potion of resistance {unknown}
 x - a potion of agility {unknown}
 F - a potion of might {unknown}
 H - a potion of flight {unknown}
 N - a potion of haste {unknown}
Books
 b - a book of Flames

   Spells                             Type                      Level
   a - Flame Tongue                   Conjuration/Fire             1
   b - Throw Flame                    Conjuration/Fire             2
   c - Conjure Flame                  Conjuration/Fire             3
   d - Inner Flame                    Hexes/Fire                   3
   e - Sticky Flame                   Conjuration/Fire             4
   f - Fireball                       Conjuration/Fire             5
 S - a book of the Dragon

   Spells                             Type                      Level
   a - Flame Tongue                   Conjuration/Fire             1
   b - Cause Fear                     Hexes                        4
   c - Bolt of Fire                   Conjuration/Fire             6
   d - Dragon Form                    Transmutation                7
   e - Dragon's Call                  Summoning                    9
Comestibles
 c - 3 bread rations
 p - 9 slices of pizza
 L - 4 meat rations


   Skills:
 - Level 6.0 Fighting
 - Level 3.8 Axes
 - Level 8.0 Armour
 - Level 5.3 Dodging
 - Level 1.5 Stealth
 - Level 5.3 Spellcasting
 + Level 7.7 Conjurations
 - Level 8.4 Fire Magic


You had 5 spell levels left.
You knew the following spells:

 Your Spells              Type           Power        Failure   Level  Hunger
a - Flame Tongue          Conj/Fire      ####.        1%          1    None
b - Conjure Flame         Conj/Fire      ####....     1%          3    ###....
c - Sticky Flame          Conj/Fire      ####....     8%          4    ####...
d - Throw Flame           Conj/Fire      ####..       1%          2    #......
e - Fireball              Conj/Fire      ####......   17%         5    ######.


Dungeon Overview and Level Annotations

Branches:
Dungeon (9/15)             Temple (1/1) D:7            Lair (1/8) D:9
    Orc: D:9-12

Altars:
Ashenzari
Cheibriados
Dithmenos
Elyvilon
Fedhas
Gozag
Kikubaaqudgha
Makhleb
Nemelex Xobeh
Okawaru
Pakellas
Qazlal
Ru
Sif Muna
Trog
Vehumet
Xom
Yredelemnul
Zin
The Shining One


Message History

Zapping:
a - a wand of heal wounds (will waste charges)
Press: ? - help, Shift-Dir - straight line, f - you, p - spiny frog You feel much better.
Evoking this partially-identified wand wasted a few charges.
You feel sick.
The spiny frog burns!
The spiny frog stings you but does no damage.
The wolf bites you but does no damage.
The spiny frog stings you but does no damage.
A river rat comes into view.
Evoke which item? (* to show all) (? for menu, Esc to quit)
Zapping:
a - a wand of heal wounds {zapped: 3} (will waste charges)
Press: ? - help, Shift-Dir - straight line, f - you Nothing appears to happen.
You feel sick.
The spiny frog burns!
The wolf bites you but does no damage. The spiny frog stings you.
* * * LOW HITPOINT WARNING * * *
You are lethally poisoned!
The spiny frog poisons you! The spiny frog stings you!
* * * LOW HITPOINT WARNING * * *
The wolf bites you but does no damage. The spiny frog stings you!
You die...

♣P≈≈≈≈≈≈ #####
########♣♣♣≈≈≈≈≈≈≈
.....########........♣≈≈≈≈≈≈≈≈
≈≈≈...>...§##........♣P≈PP≈≈≈≈
#≈≈.......# #.........≈≈≈≈≈≈≈≈
#≈≈.......###.........≈≈PPP≈P≈
≈≈≈..§†...............≈≈≈P≈P≈≈
#≈≈.###§#...h.......).≈≈P≈≈≈≈≈
≈ ###..rF♣..†.....≈≈P≈.P≈≈
#.(.F.........≈.P....≈
#P..r#.................
##...#.................
rrr.................###
..r.........t..r.....##
.......................#
.#.............>......##
...................#


You could see 2 spiny frogs, a crocodile, a wolf and 6 river rats.

Vanquished Creatures
  Nergalle (Lair:1)
  Pikel (D:7)
  A hill giant (D:5)
  A spiny frog (Lair:1)
  A troll (D:9)
  Prince Ribbit (D:7)
  4 yaks (Lair:1)
  A steam dragon (D:9)
  3 hippogriffs
  Menkaure (D:7)
  A hungry ghost (D:9)
  Edmund (D:5)
  A porcupine (Lair:1)
  2 water moccasins (Lair:1)
  A hell hound (D:9)
  4 slaves (D:7)
  3 orc warriors
  A sky beast (D:9)
  2 ogres (D:4)
  An ice beast (D:8)
  2 centaurs
  A crocodile (D:7)
  The ghost of kohrah the Firebug, an amateur DEFE (D:3)
  Blork the orc (D:5)
  7 giant frogs
  3 scorpions
  A wyvern skeleton (D:7)
  6 killer bees
  A howler monkey (D:6)
  2 crimson imps
  2 giant frog zombies
  A quasit (D:7)
  A jelly (D:7)
  5 hounds
  2 orc priests
  A centaur skeleton (D:6)
  An iguana (D:8)
  2 orc wizards
  6 worker ants
  7 sheep
  2 hound zombies (D:9)
  2 hound skeletons
  A worker ant zombie (D:8)
  19 gnolls
  9 adders
  10 river rats (Lair:1)
  A shadow imp (D:6)
  An adder skeleton (D:5)
  An adder zombie (D:9)
  A worm (D:2)
  3 dart slugs (D:2)
  4 giant geckos
  14 orcs
  9 bats
  4 giant cockroaches
  13 goblins
  8 hobgoblins
  2 jackals (D:1)
  9 kobolds
  2 quokkas
  2 ball pythons (D:3)
  A ball python skeleton (D:6)
  2 giant newts
  7 rats
212 creatures vanquished.

Vanquished Creatures (others)
  2 plants (Lair:1)
2 creatures vanquished.

Grand Total: 214 creatures vanquished

Notes
Turn   | Place    | Note
--------------------------------------------------------------
     0 | D:1      | lepiPlod666 the Hill Orc Fire Elementalist began the quest for the Orb.
     0 | D:1      | Reached XP level 1. HP: 14/14 MP: 3/3
   157 | D:1      | Reached XP level 2. HP: 20/20 MP: 2/4
   489 | D:1      | Reached XP level 3. HP: 25/26 MP: 5/5
   947 | D:2      | Learned a level 3 spell: Conjure Flame
  1173 | D:2      | Reached XP level 4. HP: 33/33 MP: 6/6
  1252 | D:2      | Found an oddly glowing altar of Pakellas.
  1936 | D:3      | Reached XP level 5. HP: 38/38 MP: 7/7
  2166 | D:3      | Found a faded altar to an unknown god.
  2348 | D:3      | Noticed kohrah's ghost (amateur DEFE)
  2793 | D:3      | Killed kohrah's ghost
  2793 | D:3      | Reached skill level 5 in Fire Magic
  2793 | D:3      | Reached XP level 6. HP: 45/45 MP: 4/8
  2881 | D:3      | Learned a level 4 spell: Sticky Flame
  2903 | D:3      | Reached skill level 5 in Conjurations
  3255 | D:4      | Reached XP level 7. HP: 38/50 MP: 9/9
  3656 | D:4      | Reached skill level 1 in Fighting
  3746 | D:4      | Found a glowing golden altar of the Shining One.
  4040 | D:5      | Entered Level 5 of the Dungeon
  4122 | D:5      | Noticed Edmund
  4165 | D:5      | Killed Edmund
  4165 | D:5      | Reached XP level 8. HP: 40/63 MP: 1/12
  4356 | D:5      | Reached skill level 1 in Armour
  4666 | D:5      | Noticed Blork the orc
  4677 | D:5      | Killed Blork the orc
  4801 | D:5      | Noticed a hill giant
  4816 | D:5      | Killed a hill giant
  5177 | D:6      | Found a shadowy altar of Dithmenos.
  5261 | D:6      | Got a crude quarterstaff
  5282 | D:6      | Reached XP level 9. HP: 75/75 MP: 13/13
  5360 | D:6      | Reached skill level 5 in Armour
  5855 | D:7      | Found a bloodstained altar of Trog.
  5856 | D:7      | Found an ancient bone altar of Kikubaaqudgha.
  5948 | D:7      | Noticed Prince Ribbit
  6091 | D:7      | Noticed Menkaure
  6258 | D:7      | Killed Menkaure
  6510 | D:7      | Noticed Pikel
  6656 | D:7      | Found a staircase to the Ecumenical Temple.
  7065 | D:7      | Paralysed by Pikel for 4 turns
  7072 | D:7      | Killed Pikel
  7097 | D:7      | Killed Prince Ribbit
  7233 | Temple   | Entered the Ecumenical Temple
  7258 | Temple   | Became a worshipper of Warmaster Okawaru
  7279 | Temple   | Reached skill level 5 in Dodging
  7293 | D:7      | Reached XP level 10. HP: 64/83 MP: 8/14
  7480 | D:7      | Reached skill level 1 in Axes
  7643 | D:7      | Learned a level 2 spell: Throw Flame
  7688 | D:8      | Identified the +9 quarterstaff "Toceamis" {crush, *Rage +Inv rC++ rN+} (You found it on level 6 of the Dungeon)
  8013 | D:8      | Found a blossoming altar of Fedhas.
  8106 | D:8      | Reached * piety under Okawaru
  8571 | D:9      | Found a deep blue altar of Sif Muna.
  9524 | D:9      | Found a staircase to the Lair.
  9709 | Lair:1   | Entered Level 1 of the Lair of Beasts
  9816 | Lair:1   | Learned a level 5 spell: Fireball
  9903 | Lair:1   | Reached ** piety under Okawaru
  9956 | Lair:1   | Reached skill level 5 in Spellcasting
 10249 | Lair:1   | Noticed Nergalle
 10271 | Lair:1   | Noticed a spectral orc warlord
 10271 | Lair:1   | Killed Nergalle
 10271 | Lair:1   | Reached XP level 11. HP: 39/89 MP: 2/19
 10382 | Lair:1   | Reached *** piety under Okawaru
 10385 | Lair:1   | Slain by a spiny frog

Skill      XL: |  1  2  3  4  5  6  7  8  9 10 |
---------------+-------------------------------+-----
Conjurations   | 2 3 4 5 6 7 |  7.7
Fire Magic     | 4 5 6 8 |  8.4
Spellcasting   | 3 5 |  5.3
Fighting       | 3 6 |  6.0
Armour         | 4 8 |  8.0
Dodging        | 2 5 |  5.3
Axes           | 3 |  3.8
Stealth        | |  1.5

Action                   |  1- 3 |  4- 6 |  7- 9 | 10-12 || total
-------------------------+-------+-------+-------+-------++-------
Melee: Unarmed           |    10 |       |       |       ||    10
       Dagger            |    30 |    70 |   140 |   149 ||   389
       Club              |     1 |       |       |       ||     1
       Battleaxe         |       |       |       |    63 ||    63
       Great mace        |       |       |       |    16 ||    16
       Staff             |       |       |       |     6 ||     6
Throw: Tomahawk          |    14 |    11 |     8 |     3 ||    36
 Cast: Flame Tongue      |    33 |    75 |    82 |    11 ||   201
       Conjure Flame     |     2 |     4 |     5 |     1 ||    12
       Sticky Flame      |       |     2 |    28 |    25 ||    55
       Throw Flame       |       |       |       |    10 ||    10
Invok: Heroism           |       |       |       |     5 ||     5
Evoke: Wand              |       |       |       |     3 ||     3
  Use: Scroll            |       |     4 |     2 |     8 ||    14
       Potion            |       |     1 |     1 |     4 ||     6
 Stab: Sleeping          |     2 |     5 |     2 |       ||     9
       Paralysed         |       |       |       |     8 ||     8
  Eat: Chunk             |     2 |     9 |    15 |    32 ||    58
       Bread ration      |       |       |     2 |     3 ||     5
Armor: Robe              |     8 |     8 |     2 |       ||    18
       Ring mail         |       |       |    43 |   128 ||   171
       Skin              |       |       |    21 |    16 ||    37
Dodge: Dodged            |    46 |    53 |    90 |   232 ||   421
